cohdb
Replays
Latest Replays
All Replays
Popular Replays
Top Player Replays
Match Explorer
How It Works
Community
CoH3 Stats
Reddit
Sign in to upload your games and track your stats! →
Sign in with Steam
Match 42267025
Unlisted
Match 42267025
Overview
Messages
Build Orders
End
Selects Air and Sea Battlegroup
Construct Section Command Post
Vickers Machine Gun Team
ML 3-inch Mortar Team
Dingo Light Scout Car
Selects Supply Surplus
Construct Platoon Command Post
Infantry Section
Unlock M3 Stuart Light Tanks
Infantry Section
Selects Commando Section Paradrop
Commando Section Paradrop
Selects M1 Pack Howitzer Paradrop
M3 Stuart Light Tank
6-pounder Anti-tank Gun Team
Parham PZ
deAd cl0wN
BIOHAZARD
Gorgolo
0
0
Comments
sign in to comment!
No comments posted yet!